Map: Ultralove

Players

ManlyManMeat

  • Race: Zerg Zerg
  • Spawn Location: 7:00

ANTSZagnet - Winner!

  • Race: Terran Terran
  • League: Master
  • Spawn Location: 1:00

VOD

Have the link to the VOD?

Description

Time

  • Played on: May 16, 2025, 9:19 a.m.
  • Length: 14:23
Show
View Real Time Build Order
Export as new Build Order

ManlyManMeat Zerg 

Build Orders: Hatch First 

Get SALT Encoding   

  12  0:07  Overlord  
  12  0:13  Drone  
  13  0:16  Drone  
  14  0:26  Drone  
  15  0:33  Drone  
  16  0:48  Hatchery  
  15  0:52  Drone  
  16  0:57  Drone  
  17  1:04  Drone  
  18  1:15  Drone  
  18  1:17  Spawning Pool  
  18  1:25  Drone  
  19  1:28  Extractor  
  18  1:38  Drone  
  19  1:48  Overlord  
  19  1:56  Drone  
  20  2:03  Queen  
  20  2:04  Queen  
  24  2:13  Zergling x6  
  27  2:20  Drone  
  28  2:29  Zergling x2  
  29  2:39  Queen  
  30  2:53  Drone x2  
  30  2:54  Overlord  
  32  3:13  Drone x3  
  32  3:16  Zergling x6  
  32  3:17  Hatchery, Zergling x2  
  38  3:31  Drone x3  
  38  3:32  Drone x2  
  43  3:41  Overlord  
  41  3:56  Drone  
  41  3:57  Drone x2  
  41  4:02  Queen  
  42  4:04  Zergling x10  
  42  4:09  Drone  
  50  4:11  Metabolic Boost  
  50  4:25  Queen  
  50  4:29  Zergling x8  
  56  4:35  Overlord  
  56  4:46  Drone x2  
  56  4:51  Lair  
  58  4:53  Queen  
  58  4:57  Spore Crawler  
  58  4:59  Drone  
  60  5:00  Spore Crawler  
  59  5:33  Zergling x10  
  59  5:34  Drone  
  59  5:35  Overlord x2  
  65  5:37  Drone  
  65  5:39  Overlord  
  66  5:57  Overseer  
  66  5:59  Zergling x8  
  66  6:00  Zergling x6  
  66  6:04  Baneling Nest  
  72  6:11  Zergling x2  
  72  6:12  Roach Warren, Zergling x6  
  75  6:50  Evolution Chamber  
  75  6:51  Evolution Chamber  
  75  6:52  Spore Crawler x2  
  75  6:53  Spore Crawler  
  70  6:54  Drone x12  
  82  7:17  Overlord x2  
  82  7:18  Overlord x2  
  82  7:41  Spire  
  82  7:42  Drone x4  
  82  7:43  Spire  
  84  8:04  Roach x11  
  106  8:06  Overlord x2  
  106  8:07  Overlord x4  
  106  8:09  Zergling x4  
  106  8:27  Extractor x2  
  106  8:29  Extractor  
  106  8:30  Extractor  
  106  8:31  Extractor  
  101  8:46  Hatchery  
  100  9:04  Overseer x2  
  87  10:21  Drone x10  
  95  10:24  Overlord x3  
  95  10:25  Overlord  
  95  10:26  Overseer x2  
  95  10:27  Overseer  
  97  10:33  Ravager  
  97  10:34  Ravager  
  99  10:41  Overlord  
  99  10:42  Overlord x4  
  99  11:35  Drone x10  
  99  11:36  Drone x5  
  114  11:44  Zerg Ground Armor Level 1, Zerg Melee Weapons Level 1  
  114  11:45  Zerg Flyer Armor Level 1, Zerg Flyer Weapons Level 1  
  114  11:47  Mutalisk x5  
  102  12:20  Zergling x2  
  102  12:21  Zergling x28  
  102  12:22  Zergling x24  
  103  12:30  Queen x3  
  90  12:46  Zergling x2  
  90  12:47  Zergling x18  
  82  13:05  Queen  
  81  13:16  Zergling x16  
  79  13:23  Corruptor  
  67  13:30  Baneling x9  
  66  13:35  Zergling x4  
  66  13:41  Queen x2  
Show
View Real Time Build Order
Export as new Build Order

ANTSZagnet Terran - Winner!

Build Orders:  

Get SALT Encoding   

  12  0:00  SCV  
  13  0:12  SCV  
  14  0:17  Supply Depot  
  14  0:24  SCV  
  15  0:39  SCV  
  15  0:42  Barracks  
  16  0:48  Refinery  
  16  0:51  SCV  
  17  1:03  SCV  
  18  1:19  SCV  
  19  1:29  Supply Depot  
  19  1:37  Reaper  
  20  1:40  SCV  
  20  1:44  Refinery  
  21  1:52  SCV  
  22  1:59  Command Center  
  22  2:04  SCV  
  23  2:09  Marine  
  24  2:16  SCV  
  25  2:27  Marine  
  25  2:28  SCV, Factory  
  27  2:45  Marine  
  27  3:02  SCV  
  27  3:03  Marine  
  29  3:14  SCV  
  29  3:16  Hellion  
  32  3:20  Starport  
  32  3:21  Marine  
  32  3:26  SCV  
  34  3:27  SCV  
  35  3:38  SCV, Marine  
  35  3:39  SCV  
  37  3:51  SCV  
  37  3:52  SCV  
  36  4:04  SCV  
  37  4:10  Engineering Bay  
  37  4:16  SCV  
  38  4:18  Bunker  
  38  4:22  Starport Tech Lab  
  38  4:27  Starport  
  38  4:30  SCV  
  39  4:32  SCV  
  39  4:37  Terran Infantry Weapons Level 1  
  40  4:40  Barracks  
  40  4:42  SCV, Barracks Reactor  
  40  4:44  SCV  
  42  4:54  SCV  
  42  4:56  SCV  
  42  4:58  Barracks  
  44  5:06  Medivac  
  46  5:16  Armory  
  46  5:27  Supply Depot  
  46  5:29  Supply Depot  
  46  5:36  Refinery  
  46  5:42  Refinery  
  46  5:44  Barracks Tech Lab  
  46  5:48  SCV  
  46  5:49  Barracks Reactor  
  47  5:50  Supply Depot  
  47  5:56  Supply Depot  
  47  6:03  SCV  
  49  6:04  SCV  
  49  6:07  Medivac  
  49  6:11  Starport Tech Lab  
  51  6:15  SCV  
  51  6:16  SCV, Terran Vehicle And Ship Armor Level 1  
  53  6:21  Supply Depot  
  53  6:22  Missile Turret  
  53  6:27  SCV  
  53  6:28  SCV  
  53  6:31  Terran Infantry Armor Level 1  
  55  6:33  Stimpack  
  55  6:35  Medivac  
  57  6:40  SCV, Marine x2  
  57  6:42  Marine  
  57  6:46  Medivac  
  63  6:54  Barracks  
  63  6:56  Marine x2  
  63  6:58  Marine x2  
  63  6:59  Marine  
  68  7:05  Supply Depot, Medivac  
  68  7:07  Supply Depot  
  70  7:10  Supply Depot  
  70  7:12  Hellion  
  70  7:13  Marine  
  70  7:14  Marine  
  74  7:16  Marine x2  
  74  7:17  Marine  
  74  7:19  Missile Turret  
  77  7:28  Supply Depot  
  77  7:31  Marine x2  
  77  7:33  Marine  
  77  7:34  Hellion, Marine  
  77  7:35  Barracks, Marine  
  84  7:44  Marine  
  84  7:49  Marine x2  
  87  7:51  Supply Depot, Marine x2  
  87  7:53  Marine  
  90  8:02  Marine  
  91  8:07  Marine x2  
  91  8:09  Marine x2  
  91  8:11  Marine  
  96  8:20  Marine  
  96  8:25  Terran Infantry Weapons Level 2, Marine x2  
  99  8:27  Marine x2  
  99  8:29  Marine  
  99  8:32  Marine  
  103  8:38  Combat Shield, Marine  
  103  8:40  Medivac  
  106  8:41  Medivac  
  106  8:42  Marine  
  106  8:43  Marine  
  106  8:45  Marine x2  
  106  8:46  Marine  
  113  8:49  Marine  
  114  8:56  Marine  
  114  9:00  Marine  
  114  9:01  Marine  
  117  9:02  Marine  
  117  9:03  Marine  
  117  9:04  Marine  
  117  9:07  Marine  
  121  9:13  Marine  
  85  9:18  Marine x2  
  85  9:20  Marine x2  
  85  9:22  Marine  
  82  9:31  Marine  
  82  9:36  Marine x2  
  82  9:38  Marine x2  
  85  9:40  Marine  
  88  9:49  Marine  
  89  9:54  Marine x2  
  89  9:56  Marine x2  
  89  9:58  Marine  
  94  10:04  Medivac  
  94  10:05  Medivac  
  98  10:07  Marine  
  98  10:10  Barracks  
  98  10:12  Marine x2  
  98  10:14  Missile Turret, Marine x2  
  101  10:15  Marine  
  101  10:18  Supply Depot  
  101  10:19  Marine  
  105  10:25  Marine  
  106  10:29  Marine  
  106  10:30  Marine  
  106  10:31  Marine  
  106  10:32  Marine  
  106  10:33  Marine  
  106  10:34  Medivac  
  106  10:35  Medivac  
  115  10:37  Marine  
  115  10:41  Terran Infantry Armor Level 2, Supply Depot  
  116  10:42  Marine  
  116  10:47  Marine x2  
  116  10:49  Marine x2  
  120  10:51  Marine  
  120  10:55  Supply Depot, Marine  
  123  11:00  Marine  
  124  11:05  Marine x2  
  124  11:07  Marine x2  
  124  11:09  Marine  
  129  11:13  Marine  
  129  11:18  Supply Depot, Marine  
  128  11:23  Marine x2  
  128  11:25  Marine x2  
  130  11:26  Marine  
  130  11:27  Marine  
  130  11:30  Marine  
  134  11:36  Marine  
  135  11:40  Supply Depot  
  135  11:41  Marine x2  
  135  11:43  Marine x3  
  135  11:44  Marine  
  141  11:48  Marine  
  141  11:54  Marine  
  142  11:58  Marine  
  142  11:59  Marine  
  142  12:01  Marine x3  
  147  12:02  Supply Depot, Marine  
  147  12:06  Marine  
  150  12:11  Marine  
  151  12:16  Marine  
  135  12:41  Marine x2  
  135  12:42  Marine x6  
  143  12:59  Marine x4  
  143  13:00  Marine x4  
  147  13:17  Marine x5  
  147  13:18  Marine x3  
  151  13:35  Marine x6  
  151  13:36  Marine  
  151  13:40  Marine  
  159  13:52  Marine  
  159  13:53  Marine x6  
  166  13:58  Marine  
Tags
 
League
Master
Matchup
TvZ
Spawn Locations
Cross Positions
Add a new tag
Caveats
  • Supply blocks, unpowered buildings, or Contaminate may cause inaccurate times.
  • Supply counts are checked every 10 seconds.